 Dungeon Crawl Stone Soup version 0.25-a0-503-ge281fa6 (webtiles) character file.

Game seed: 16378330094257776960, levelgen mode: deterministic

10080 15 the Grappler (level 11, 0/92 HPs)
             Began as a Red Draconian Transmuter on Feb 13, 2020.
             Was a Priest of Sif Muna.
             Killed from afar by a frost giant (22 damage)
             ... with a bolt of cold
             ... on level 10 of the Dungeon.
             The game lasted 00:57:14 (12580 turns).

15 the Grappler (Red Draconian Transmuter)         Turns: 12580, Time: 00:57:14

Health: 0/92       AC: 10    Str: 14    XL:     11   Next: 31%
Magic:  30/30      EV: 15    Int: 15    God:    Sif Muna [***...]
Gold:   212        SH:  0    Dex: 12    Spells: 4/24 levels left

rFire    + . .     SeeInvis +     - Unarmed
rCold    . . .     Gourm    .   (no shield)
rNeg     . . .     Faith    .   (armour unavailable)
rPois    .         Spirit   .   (helmet restricted)
rElec    .         Reflect  .   b - +1 cloak
rCorr    .         Harm     .   (no gloves)
MR       .....                  A - +0 pair of boots
Stlth    ++........             w - amulet of magic regeneration
HPRegen  0.25/turn              j - ring of see invisible
MPRegen  0.47/turn              t - ring of magical power

@: no status effects
A: breathe fire, unfitting armour, fire resistance 1, cold-blooded, AC +7
a: Breathe Fire, Channel Magic, Forget Spell, Renounce Religion


You were on level 10 of the Dungeon.
You worshipped Sif Muna.
Sif Muna was most pleased with you.
You were very hungry.

You visited 2 branches of the dungeon, and saw 11 of its levels.

You collected 563 gold pieces.
You spent 351 gold pieces at shops.

Inventory:

Missiles
 m - 72 arrows
Armour
 b - a +1 cloak (worn)
 A - a +0 pair of boots (worn)
Jewellery
 j - a ring of see invisible (left hand)
 t - a ring of magical power (right hand)
 w - an amulet of magic regeneration (around neck)
 C - an uncursed amulet of the acrobat
Wands
 h - a wand of random effects (9)
 r - a wand of disintegration (4)
 x - a wand of acid (7)
 D - a wand of iceblast (4)
Scrolls
 d - 3 scrolls of fog
 g - 3 scrolls of remove curse
 i - 2 scrolls of amnesia
 p - a scroll of holy word
 y - a scroll of fear
Potions
 e - 4 potions of curing
 f - a potion of lignification
 k - 2 potions of invisibility
 l - a potion of ambrosia
 n - 2 potions of haste
 o - a potion of mutation
 s - 3 potions of flight
 u - 2 potions of magic
 v - a potion of berserk rage
Miscellaneous
 E - a tremorstone
Comestibles
 c - 19 rations


   Skills:
 * Level 7.5 Fighting
 * Level 6.4 Dodging
 + Level 2.8 Stealth
 + Level 8.3 Unarmed Combat
 * Level 7.0 Spellcasting
 * Level 3.4 Hexes
 * Level 7.2 Transmutations
 + Level 1.0 Ice Magic
 + Level 1.6 Poison Magic
 * Level 3.4 Invocations
 * Level 4.4 Evocations


You had 4 spell levels left.
You knew the following spells:

 Your Spells              Type           Power        Failure   Level  Hunger
a - Beastly Appendage     Tmut           ####..       1%          1    None
b - Sticks to Snakes      Tmut           ####....     1%          2    None
c - Spider Form           Tmut/Pois      ###.......   6%          3    ##.....
d - Ice Form              Ice/Tmut       ###.....     24%         4    ####...
e - Blade Hands           Tmut           ####......   19%         5    #####..
f - Yara's Violent Unrav  Hex/Tmut       ###.......   38%         5    #####..

Your spell library contained the following spells:

 Spells                   Type           Power        Failure   Level  Hunger
 Cause Fear               Hex            ###.......   32%         4    ####...
 Irradiate                Conj/Tmut      ###.......   63%         5    #####..
 Hydra Form               Tmut           ####......   71%         6    #######
 Silence                  Hex/Air        ##........   88%         5    #####..
 Statue Form              Tmut/Erth      ###......    99%         6    #######
 Dragon Form              Tmut           ####......   99%         7    #######
 Deflect Missiles         Chrm/Air       #.........   100%        6    #######
 Discord                  Hex            ###.......   100%        8    #######


Dungeon Overview and Level Annotations

Branches:
Dungeon (10/15)            Temple (1/1) D:7            Lair (0/6) D:8
    Orc (0/2) D:9

Altars:
Dithmenos
Elyvilon
Gozag
Hepliaklqana
Kikubaaqudgha
Makhleb
Okawaru
Qazlal
Ru
Sif Muna
Trog
Uskayaw
Vehumet
Xom
Yredelemnul

Shops:
D:7 !


Innate Abilities, Weirdness & Mutations

You can breathe blasts of fire.
Your fiery red scales are hard. (AC +7)
You cannot fit into any form of body armour.
Your flesh is heat resistant. (rF+)
You are cold-blooded and may be slowed by cold attacks.


Message History

The bolt of acid hits the frost giant!
The frost giant is splashed with acid.
The acid corrodes the frost giant!
The frost giant is lightly wounded.
Unknown command.
Unknown command.
Evoke which item? (* to show all) (? for menu, Esc to quit)
Aiming: Random Effects
Press: ? - help, Shift-Dir - straight line, f/p - frost giant
Aim: a frost giant, wielding a +1 battleaxe of freezing and wearing an uncursed amulet of magic regeneration (lightly wounded, fast+slow, covered in acid)
The mass of ice explodes!
The iceblast engulfs the frost giant.
The frost giant partially resists.
The frost giant is moderately wounded.
The frost giant is no longer moving slowly.
The frost giant hits you with a +1 battleaxe of freezing!
* * * LOW HITPOINT WARNING * * *
The frost giant freezes you.
* * * LOW HITPOINT WARNING * * *
The frost giant gestures at you while chanting.
The bolt of cold hits you!!
You die...

..............>.........#,,,,,,*,
..................<.....#,,,,,,*,
........................#,,,,,,*,
........................#*******,
........................#,,,,*,,,
##'#########'###...#....#,,,,*,,,
#..............#...#....#,,,,*,,,
#..............#...#....#,,,*****
#..............#@..#....#,,,*,,,*
#...###'##.....#...######,,,*,,,*
#####..........#C..#....#,,,*,,,*
#...#..........#...#....#,,,*,..*
#...#....#######...#....##+###.##
#...######.........#....^........
'...#....#.......................
#...#....#.........#.............
#...#....#######...#....##.###.##


You could see a frost giant.

Vanquished Creatures
  A hydra (D:10)
  A wolf spider (D:10)
  A deep elf mage (D:7)
  Pikel (D:4)
  Joseph (D:7)
  Maurice (D:8)
  Maggie (D:7)
  A troll (D:9)
  Prince Ribbit (D:8)
  Grinder (D:6)
  9 yaks (D:9)
  2 hungry ghosts
  A steam dragon (D:7)
  A water moccasin (D:7)
  5 orc warriors
  A swamp drake (D:9)
  A sky beast (D:6)
  An ice beast (D:5)
  6 ogres
  4 centaurs
  A crocodile (D:10)
  7 bullfrogs
  A water moccasin zombie (D:2)
  A gnoll sergeant (D:8)
  2 scorpions
  10 killer bees
  5 crimson imps
  2 jellies
  A bullfrog zombie (D:9)
  7 hounds
  2 centaur skeletons
  10 orc priests
  3 quasits
  3 bullfrog skeletons
  13 orc wizards
  3 iguanas
  8 worker ants
  A hound zombie (D:8)
  A hound skeleton (D:9)
  Robin (D:3)
  4 gnolls
  15 adders
  A howler monkey skeleton (D:9)
  2 shadow imps
  2 oozes
  An adder skeleton (D:4)
  4 worms
  A dart slug (D:2)
  8 leopard geckos
  58 orcs
  15 bats
  7 giant cockroaches
  17 goblins
  12 hobgoblins
  17 jackals
  4 quokkas
  5 frilled lizards
  10 kobolds
  2 leopard gecko skeletons
  A leopard gecko zombie (D:5)
  7 rats
316 creatures vanquished.

Vanquished Creatures (collateral kills)
  A killer bee (D:8)
  An orc wizard (D:6)
  A worker ant (D:6)
  3 orcs
  2 jackals (D:8)
8 creatures vanquished.

Vanquished Creatures (others)
  3 gnolls (D:4)
3 creatures vanquished.

Grand Total: 327 creatures vanquished

Notes
Turn   | Place    | Note
-------+----------+-------------------------------------------
     0 | D:1      | 15 the Draconian Transmuter began the quest for the Orb.
     0 | D:1      | Reached XP level 1. HP: 16/16 MP: 3/3
   340 | D:1      | Reached XP level 2. HP: 20/23 MP: 5/5
   429 | D:1      | Reached XP level 3. HP: 9/28 MP: 6/6
   698 | D:1      | Learned a level 1 spell: Beastly Appendage
   701 | D:1      | Learned a level 2 spell: Sticks to Snakes
   705 | D:1      | Learned a level 3 spell: Spider Form
  1159 | D:2      | Reached XP level 4. HP: 18/35 MP: 4/7
  1233 | D:2      | Found an iron altar of Okawaru.
  1236 | D:2      | Found a bloodstained altar of Trog.
  1236 | D:2      | Found an opulent altar of Gozag.
  1237 | D:2      | Found a sacrificial altar of Ru.
  1238 | D:2      | Found a stormy altar of Qazlal.
  1239 | D:2      | Found a shadowy altar of Dithmenos.
  1240 | D:2      | Found a white marble altar of Elyvilon.
  1359 | D:2      | Reached XP level 5. HP: 28/41 MP: 3/8
  1373 | D:2      | Reached skill level 4 in Unarmed Combat
  2257 | D:3      | Found an ancient bone altar of Kikubaaqudgha.
  2368 | D:3      | Found a faded altar of an unknown god.
  2460 | D:3      | Noticed Robin
  2481 | D:3      | HP: 2/41 [goblin/+0 dagger[Robin] (4)]
  2773 | D:4      | Found a stormy altar of Qazlal.
  2812 | D:4      | Noticed an ogre
  2949 | D:4      | Noticed a slave
  2949 | D:4      | Noticed a slave
  2959 | D:5      | Entered Level 5 of the Dungeon
  3067 | D:4      | Killed an ogre
  3067 | D:4      | Reached XP level 6. HP: 50/50 MP: 4/10
  3074 | D:4      | Noticed Pikel
  3074 | D:4      | Noticed a slave
  3093 | D:4      | Noticed a slave
  3106 | D:4      | Killed Pikel
  3106 | D:4      | Your scales start taking on a fiery red colour.
  3106 | D:4      | Reached XP level 7. HP: 33/57 MP: 4/12
  3106 | D:4      | Gained mutation: Your flesh is heat resistant. (rF+) [Red
                  | Draconian growth]
  3292 | D:3      | Reached skill level 5 in Unarmed Combat
  3302 | D:3      | Killed Robin
  4331 | D:5      | Reached XP level 8. HP: 52/66 MP: 13/13
  4923 | D:5      | Reached skill level 1 in Evocations
  5372 | D:6      | Learned a level 4 spell: Ice Form
  5543 | D:6      | Reached skill level 5 in Transmutations
  5546 | D:6      | Reached skill level 1 in Stealth
  5714 | D:6      | Noticed Grinder
  5736 | D:6      | Killed Grinder
  5849 | D:6      | Found a radiant altar of Vehumet.
  6049 | D:6      | Reached skill level 6 in Unarmed Combat
  6391 | D:7      | Reached skill level 1 in Poison Magic
  6453 | D:7      | Reached skill level 5 in Fighting
  6561 | D:7      | Reached XP level 9. HP: 29/74 MP: 10/16
  6787 | D:7      | Noticed Joseph
  6797 | D:7      | Killed Joseph
  6797 | D:7      | Reached skill level 5 in Spellcasting
  7085 | D:7      | Reached skill level 5 in Dodging
  7087 | D:7      | Found a white marble altar of Elyvilon.
  7087 | D:7      | Noticed a deep elf mage
  7100 | D:7      | Killed a deep elf mage
  7349 | D:7      | Learned a level 5 spell: Blade Hands
  7372 | D:7      | Found a staircase to the Ecumenical Temple.
  7372 | D:7      | Noticed Maggie
  7385 | D:7      | Killed Maggie
  7395 | Temple   | Entered the Ecumenical Temple
  7407 | Temple   | Became a worshipper of Sif Muna the Loreminder
  7447 | D:7      | Found Noinar's Distillery.
  7476 | D:7      | Found a burning altar of Makhleb.
  7498 | D:7      | Bought 3 potions of invisibility for 312 gold pieces
  7498 | D:7      | Bought a potion of flight for 39 gold pieces
  7511 | D:7      | Reached skill level 7 in Unarmed Combat
  8165 | D:8      | Noticed Maurice
  8343 | D:8      | Killed Maurice
  8343 | D:8      | Reached XP level 10. HP: 83/83 MP: 19/19
  8467 | D:8      | Noticed Prince Ribbit
  8482 | D:8      | Killed Prince Ribbit
  8482 | D:8      | Reached skill level 1 in Invocations
  8626 | D:8      | Reached skill level 1 in Ice Magic
  8678 | D:8      | Reached * piety under Sif Muna
  8734 | D:8      | Found a staircase to the Lair.
  8972 | D:8      | Learned a level 5 spell: Yara's Violent Unravelling
  9760 | D:9      | Reached ** piety under Sif Muna
  9983 | D:9      | Found a staircase to the Orcish Mines.
 10079 | D:9      | Reached skill level 1 in Hexes
 10167 | D:9      | Reached skill level 8 in Unarmed Combat
 11003 | D:9      | Reached XP level 11. HP: 41/92 MP: 21/21
 11324 | D:9      | Reached *** piety under Sif Muna
 11498 | D:10     | Entered Level 10 of the Dungeon
 11998 | D:10     | Noticed a seven-headed hydra
 12019 | D:10     | Killed a seven-headed hydra
 12206 | D:10     | Noticed a frost giant
 12512 | D:10     | Noticed a wolf spider
 12521 | D:10     | Killed a wolf spider
 12580 | D:10     | Killed from afar by a frost giant

Levels and vault maps discovered:
D:1:      lemuel_arrival_hallway, layout_basic, st_stairs_5
D:2:      layout_basic, minitemple
D:3:      layout_basic, marbit_many_paths,
          chequers_ecumenical_altar_simple_redux, uniq_robin
D:4:      layout_loops_cross, grunt_qazlal_clouds, uniq_pikel
D:5:      layout_basic, first_ration
D:6:      layout_basic, kennysheep_mini_moat, kennysheep_generic_room_3,
          uniq_grinder
D:7:      layout_rooms, minmay_temple_entry_enclosed_plants, serial_shops,
          nicolae_shop_trees, basic_altar, david_defended_altar_elf,
          uniq_maggie, uniq_joseph
D:8:      layout_cave_pods, lair_entry_dummy, uniq_prince_ribbit1, uniq_maurice
D:9:      layout_long_grid, erik_orc_1
D:10:     minmay_shrinking_squares, layout_grid_maze, uniq_psyche
Temple:   dshaligram_water_room_temple

Skill      XL: |  1  2  3  4  5  6  7  8  9 10 11 |
---------------+----------------------------------+-----
Dodging        | 2 3 4 5 6 |  6.4
Transmutations | 3 4 5 6 7 |  7.2
Fighting       | 2 3 4 5 6 7 |  7.5
Unarmed Combat | 4 5 6 7 8 |  8.3
Spellcasting   | 3 4 6 7 |  7.0
Evocations     | 2 3 4 |  4.4
Stealth        | 1 2 |  2.8
Poison Magic   | 1 |  1.6
Invocations    | 2 3 |  3.4
Ice Magic      | 1 |  1.0
Hexes          | 3 |  3.4

Action                   |  1- 3 |  4- 6 |  7- 9 | 10-12 || total
-------------------------+-------+-------+-------+-------++-------
Melee: Unarmed           |   160 |   203 |   325 |   323 ||  1011
       Tailslap          |    13 |    25 |    30 |    30 ||    98
       Headbutt          |     2 |     7 |    10 |    18 ||    37
       Kick              |     4 |    11 |     3 |     8 ||    26
       Punch             |     1 |     2 |     7 |     6 ||    16
 Cast: Beastly Appendage |     8 |    15 |    17 |    26 ||    66
       Sticks to Snakes  |     1 |    11 |     7 |    12 ||    31
       Spider Form       |       |     2 |     8 |     3 ||    13
       Ice Form          |       |       |     3 |     5 ||     8
       Blade Hands       |       |       |     1 |     1 ||     2
       Yara's Violent Un |       |       |       |     1 ||     1
 Abil: Breathe Fire      |       |       |    17 |    18 ||    35
Evoke: Wand              |       |     3 |    24 |    45 ||    72
  Use: Scroll            |     5 |       |     7 |     7 ||    19
       Potion            |     2 |     1 |    10 |     1 ||    14
 Stab: Sleeping          |     1 |       |     1 |     2 ||     4
       Distracted        |       |     1 |     1 |       ||     2
       Confused          |       |       |     2 |       ||     2
       Invisible         |       |       |     1 |       ||     1
       Paralysed         |       |       |       |    10 ||    10
  Eat: Chunk             |     1 |     7 |    18 |    15 ||    41
       Ration            |       |       |     2 |     1 ||     3
Armor: Skin              |    69 |    67 |    71 |    84 ||   291
Dodge: Dodged            |   130 |   177 |   207 |   230 ||   744

Table legend:
 A = Non-vault XP
 B = Vault XP
 C = Vault XP percentage of total XP
 D = Non-vault monster count
 E = Vault monster count
 F = Vault count percentage of total count
                 A         B        C        D         E       F
            +---------+---------+-------+---------+---------+-------
      Total |    8878 |    5522 |  38.3 |     279 |      45 |  13.9
            +---------+---------+-------+---------+---------+-------
        D:1 |      44 |      10 |  18.5 |      27 |       3 |  10.0
        D:2 |     201 |       0 |   0.0 |      33 |       0 |   0.0
        D:3 |     187 |      32 |  14.6 |      32 |      11 |  25.6
        D:4 |     197 |     500 |  71.7 |      11 |       2 |  15.4
        D:5 |     549 |       0 |   0.0 |      22 |       0 |   0.0
        D:6 |     496 |     309 |  38.4 |      16 |       2 |  11.1
        D:7 |    1167 |    1449 |  55.4 |      32 |       3 |   8.6
        D:8 |    1959 |     745 |  27.6 |      56 |       2 |   3.4
        D:9 |    3250 |     589 |  15.3 |      37 |      17 |  31.5
       D:10 |     828 |    1888 |  69.5 |      13 |       5 |  27.8
            +---------+---------+-------+---------+---------+-------
